 Dungeon Crawl Stone Soup version 0.19.0 (webtiles) character file.

63924 Gargoyl the Corrupter of Planes (level 14, -8/110 HPs)
             Began as a Demonspawn Abyssal Knight on Nov 2, 2016.
             Was the Champion of Lugonu.
             Mangled by a saltling (9 damage)
             ... in the Desolation of Salt.
             The game lasted 01:07:51 (28167 turns).

Gargoyl the Corrupter of Planes (DsAK)             Turns: 28167, Time: 01:07:52

Health: -8/110     AC: 29    Str: 23    XL:     14   Next: 69%
Magic:  24/24      EV:  8    Int:  8    God:    Lugonu [******]
Gold:   1981       SH: 18    Dex: 19    Spells: 0 memorised, 13 levels left

rFire  + . .     SeeInvis .     k - +9 hand axe of Vayrujic {chop, rF+ MR+ Str+6 Int-5}
rCold  + . .     Gourm    .     Q - +1 chain mail of the Jolly Eyes {rN++ Regen+ Dex+3 Stlth-}
rNeg   + + +     Faith    .     a - +0 large shield
rPois  .         Spirit   .     D - +0 helmet
rElec  +         Reflect  .     n - +2 cloak {MR+}
rCorr  .         Harm     .     B - +2 pair of gloves
MR     +++..                    C - +2 pair of boots of the Assassin {DetectMon Stab+ Stlth++}
Stlth  ..........               d - amulet of rage
                                x - ring of protection from cold
                                m - ring of positive energy

@: barbed spikes
A: hooves 2, thin metallic scales 3, agile 1, demonic guardian 1, foul stench 1,
rot immunity
a: Depart the Abyss, Bend Space, Banish, Corrupt, Enter the Abyss, Brand Weapon
With Distortion, Renounce Religion, Evoke Berserk Rage


You were in the Desolation of Salt.
You worshipped Lugonu.
Lugonu was exalted by your worship.
You were hungry.

You visited 4 branches of the dungeon, and saw 19 of its levels.
You visited the Abyss 4 times.
You also visited: Sewer, Ossuary, Ice Cave and Desolation.

You collected 2173 gold pieces.
You spent 192 gold pieces at shops.

Inventory:

Hand Weapons
 k - the +9 hand axe of Vayrujic (weapon) {chop, rF+ MR+ Str+6 Int-5}
   (You found it on level 1 of the Lair of Beasts)

   It inflicts extra damage upon your enemies.
   It affects your strength (+6).
   It affects your intelligence (-5).
   It protects you from fire.
   It affects your resistance to hostile enchantments.
 z - a +5 war axe of flaming
 G - the +4 war axe of Uskayaw's Outrage {pain, rElec}
   (You found it on level 6 of the Lair of Beasts)

   In the hands of one skilled in necromantic magic, it inflicts extra damage on
   living creatures.
   It insulates you from electricity.
 S - a +3 war axe of chopping
Missiles
 w - 32 tomahawks (quivered)
Armour
 a - a +0 large shield (worn)
 n - a +2 cloak of magic resistance (worn)
 B - a +2 pair of gloves (worn)
 C - the +2 pair of boots of the Assassin (worn) {DetectMon Stab+ Stlth++}
   (You acquired it on level 6 of the Lair of Beasts)

   It makes you much more stealthy.
 D - a +0 helmet (worn)
 Q - the +1 chain mail of the Jolly Eyes (worn) {rN++ Regen+ Dex+3 Stlth-}
   (You found it on level 5 of the Lair of Beasts)

   It affects your dexterity (+3).
   It greatly protects you from negative energy.
   It increases your rate of regeneration.
   It makes you less stealthy.
Jewellery
 d - an amulet of rage (around neck)
 m - a ring of positive energy (left hand)
 p - an uncursed amulet of faith
 x - a ring of protection from cold (right hand)
 H - the ring of Joepam {rC+ Str+2 Stlth+, unknown}
   (You found it on level 4 of the Abyss)

   [ring of protection from cold]

   It affects your strength (+2).
   It protects you from cold.
   It makes you more stealthy.
 I - an uncursed ring of flight
Wands
 s - a wand of iceblast (7/15)
 t - a wand of confusion (25/48)
 K - a wand of lightning (4/15)
Scrolls
 f - a scroll of silence
 i - 2 scrolls of recharging
 o - 3 scrolls of teleportation
 u - a scroll of fog
 y - 6 scrolls of remove curse
 E - 2 scrolls of fear
 J - a scroll of blinking
 O - a scroll of magic mapping
 P - a scroll of summoning
Potions
 c - a potion of magic
 e - 2 potions of cancellation
 g - 2 potions of agility
 h - 5 potions of brilliance
 l - 2 potions of curing
 q - a potion of flight
 v - 7 potions of lignification
Books
 A - a book of Conjurations

   Spells                             Type                      Level
   a - Magic Dart                     Conjuration                  1
   b - Searing Ray                    Conjuration                  2
   c - Dazzling Spray                 Conjuration/Hexes            3
   d - Fulminant Prism                Conjuration/Hexes            4
   e - Iskenderun's Mystic Blast      Conjuration                  4
   f - Iskenderun's Battlesphere      Conjuration/Charms           5
Comestibles
 b - 13 beef jerkies
 j - 9 meat rations
 F - a slice of pizza
 L - 9 royal jellies
 M - 12 fruits
 N - a bread ration


   Skills:
 + Level 10.0 Fighting
 + Level 12.5 Axes
 * Level 12.4 Armour
 + Level 3.7 Dodging
 + Level 8.9 Shields
 * Level 14.6 Invocations
 + Level 0.8 Evocations


You had 13 spell levels left.
You didn't know any spells.

Dungeon Overview and Level Annotations

Branches:
Dungeon (10/15)            Temple (0/1) D:5            Lair (6/6) D:8
  Swamp (0/4) Lair:4        Snake (0/4) Lair:2        Slime (0/5) Lair:6
    Orc (2/2) D:10            Elf (1/3) Orc:2

Altars:
Cheibriados
Dithmenos
Elyvilon
Fedhas
Gozag
Nemelex Xobeh
Qazlal
Sif Muna
Uskayaw
Xom
Yredelemnul

Shops:
D:8 *   Orc:2 *?[*

Annotations:
Abyss:1 Sonja


Innate Abilities, Weirdness & Mutations

You have hoof-like feet.
You are completely covered in thin metallic scales. (AC +4, rElec)
A weak demonic guardian rushes to your aid.
You may emit foul miasma when damaged in melee.
You are immune to rotting.
You are agile. (Dex +2)


Message History

You slash the peacekeeper!
The peacekeeper is heavily damaged.
You hit the saltling but do no damage. You hit the saltling.
The peacekeeper bites you but does no damage.
You block the peacekeeper's attack.
Your quasit bites the peacekeeper but does no damage.
Your quasit claws the peacekeeper but does no damage. x2
The saltling hits you!
* * * LOW HITPOINT WARNING * * *
You feel better. The peacekeeper bites you!
* * * LOW HITPOINT WARNING * * *
The peacekeeper misses you. You block the saltling's attack.
Your quasit bites the peacekeeper but does no damage.
Your quasit claws the peacekeeper but does no damage. x2
The peacekeeper bites you!
* * * LOW HITPOINT WARNING * * *
You block the peacekeeper's attack.
The saltling hits you but does no damage.
The saltling hits you!
You die...

...............
...............
...............
.........#.....
...............
...............
......8ยง.......
......8@.......
......85.......
...............
...#...........
...............
...............
...............
...............
...............


You could see a peacekeeper, 2 saltlings and a friendly quasit.

Vanquished Creatures
  Louise (Elf:1)
  The ghost of Tyryt0 the Unseen, a journeyman OpFi of Ashenzari (Orc:1)
  Snorg (Orc:2)
  Harold (Lair:4)
  An ice dragon (Lair:6)
  Fannar (D:10)
  A ragged hierophant (Elf:1)
  A peacekeeper (Desolation)
  2 catoblepae (Lair:6)
  2 dancing weapons (Elf:1)
  4 orc high priests (Orc:1)
  2 death yaks (Lair:6)
  Nergalle (Orc:1)
  A lindwurm (Lair:6)
  An orc knight (Orc:2)
  A necromancer (IceCv)
  A manticore (Lair:6)
  4 orc sorcerers (Orc:2)
  An oklob plant (Lair:2)
  2 centaur zombies (D:10)
  Maurice (D:8)
  5 ice statues (IceCv)
  3 elephants (Lair:6)
  5 black mambas
  11 spiny frogs
  6 torpor snails (Lair:6)
  8 komodo dragons
  2 rime drakes
  10 ice devils (IceCv)
  6 hornets (Lair:6)
  3 trolls
  A two-headed ogre (D:9)
  4 tyrant leeches (Lair:6)
  2 saltlings (Elf:1)
  4 blink frogs
  Prince Ribbit (D:6)
  6 dream sheep
  8 hippogriffs
  2 wraiths
  3 basilisks
  4 wyverns
  48 yaks
  3 vampire mosquitoes (Lair:4)
  A warg (Orc:2)
  Menkaure (D:6)
  2 soldier ants (D:8)
  13 water moccasins
  4 sky beasts
  11 porcupines
  25 orc warriors
  An eye of draining (Abyss:1)
  An ice beast (D:5)
  A black bear (D:6)
  A phantom (D:9)
  4 ogres
  10 wolves (Lair:1)
  16 crocodiles
  2 centaurs
  11 bullfrogs
  A gnoll sergeant (Orc:2)
  Dowan (D:6)
  4 scorpions
  3 killer bees (D:9)
  6 wights
  2 electric eels
  2 crimson imps
  A quasit (D:8)
  3 draconian simulacra (IceCv)
  30 orc priests
  5 hounds
  7 jellies
  A gnoll shaman (D:7)
  3 iguanas
  26 orc wizards
  A bullfrog skeleton (D:9)
  9 worker ants
  A killer bee zombie (D:9)
  2 troll simulacra (IceCv)
  2 centaur simulacra (IceCv)
  3 hound skeletons
  A mummy (Ossuary)
  A worker ant zombie (D:5)
  A howler monkey skeleton (D:8)
  7 gnolls
  A naga simulacrum (IceCv)
  13 adders
  2 ogre simulacra (IceCv)
  2 river rats
  A shadow imp (D:6)
  12 white imps (Lair:4)
  2 oozes
  An adder zombie (D:9)
  2 adder skeletons
  2 worms
  6 dart slugs
  6 leopard geckos
  79 orcs
  4 ball pythons
  10 bats
  7 giant cockroaches
  2 gnoll zombies (D:9)
  16 hobgoblins
  9 jackals
  3 quokkas
  9 frilled lizards
  5 gnoll skeletons (Ossuary)
  9 goblins
  13 kobolds
  7 kobold skeletons (Ossuary)
  A leopard gecko skeleton (D:5)
  13 orc skeletons (Ossuary)
  2 quokka zombies
  14 rats
  2 fungi
  2 plants
660 creatures vanquished.

Vanquished Creatures (collateral kills)
  A death yak (Lair:6)
  The ghost of kotomi the Skirmisher, a novice DsBe of Trog (D:9)
  A deep elf mage (Elf:1)
  A black mamba (Lair:3)
  A hornet (Lair:6)
  2 hippogriffs
  A blink frog (Lair:1)
  4 yaks
  A water moccasin (D:8)
  Duvessa (D:6)
  An orc warrior (Orc:2)
  Purgy (Sewer)
  4 ogres
  A wolf (Lair:1)
  2 bullfrogs
  A wight (D:9)
  A crimson imp (D:4)
  A centaur skeleton (D:5)
  An orc priest (D:10)
  2 orc wizards
  A worker ant (D:7)
  A gnoll (D:7)
  A worm (D:5)
  2 leopard geckos (D:9)
  12 orcs
46 creatures vanquished.

Vanquished Creatures (others)
  5 hydras
  A molten gargoyle (Elf:1)
  A crimson imp (D:6)
  16 fungi
  28 plants
51 creatures vanquished.

Grand Total: 757 creatures vanquished

Notes
Turn   | Place    | Note
-------+----------+-------------------------------------------
     0 | Abyss:1  | Gargoyl the Demonspawn Abyssal Knight began the quest for the Orb.
     0 | Abyss:1  | Reached XP level 1. HP: 18/18 MP: 2/2
    58 | Abyss:1  | Noticed an eye of draining
    82 | Abyss:1  | Killed an eye of draining
    82 | Abyss:1  | Gained mutation: A weak demonic guardian rushes to your aid. [demonic ancestry]
    82 | Abyss:1  | Reached XP level 2. HP: 26/26 MP: 0/4
    82 | Abyss:1  | Gained mutation: You have large cloven feet. [demonic ancestry]
    82 | Abyss:1  | Reached XP level 3. HP: 31/31 MP: 0/5
    82 | Abyss:1  | Reached XP level 4. HP: 38/38 MP: 0/6
   111 | Abyss:1  | Noticed a raiju
   112 | D:1      | Escaped the Abyss
   620 | D:1      | Reached * piety under Lugonu
   783 | D:1      | Reached skill level 3 in Invocations
  1305 | D:2      | Gained mutation: You are immune to rotting. [demonic ancestry]
  1305 | D:2      | Reached XP level 5. HP: 43/43 MP: 7/7
  1622 | D:2      | Reached skill level 1 in Dodging
  1950 | D:2      | Found an opulent altar of Gozag.
  2042 | D:2      | Found a faded altar of an unknown god.
  2042 | D:2      | Found a blossoming altar of Fedhas.
  2047 | D:2      | Found a faded altar of an unknown god.
  2052 | D:2      | Found a faded altar of an unknown god.
  2057 | D:2      | Found a faded altar of an unknown god.
  2670 | D:3      | Reached ** piety under Lugonu
  3629 | D:3      | Gained mutation: You may emit foul miasma when damaged in melee. [demonic ancestry]
  3629 | D:3      | Reached XP level 6. HP: 6/49 MP: 8/8
  4447 | D:4      | Reached skill level 4 in Invocations
  4673 | D:4      | Found a deep blue altar of Sif Muna.
  4766 | D:4      | Found a hide-covered altar of Uskayaw.
  4806 | D:5      | Entered Level 5 of the Dungeon
  4820 | D:5      | Reached skill level 5 in Fighting
  4969 | D:5      | Gained mutation: You are partially covered in thin metallic scales. (AC +2) [demonic ancestry]
  4969 | D:5      | Reached XP level 7. HP: 35/56 MP: 10/10
  5191 | D:5      | Found a glowing drain.
  5197 | Sewer    | Entered a sewer
  5229 | Sewer    | Noticed Purgy
  5238 | Sewer    | Killed Purgy
  5748 | D:5      | Reached *** piety under Lugonu
  5806 | D:5      | Found a staircase to the Ecumenical Temple.
  5994 | D:5      | Found a shimmering altar of Xom.
  6069 | D:5      | Found a snail-covered altar of Cheibriados.
  6095 | D:5      | Reached skill level 5 in Armour
  6314 | D:5      | Gained mutation: You have hoof-like feet. [demonic ancestry]
  6314 | D:5      | Reached XP level 8. HP: 49/62 MP: 11/11
  6462 | D:6      | Reached skill level 5 in Axes
  6462 | D:6      | Reached skill level 5 in Invocations
  6575 | D:6      | Found a shadowy altar of Dithmenos.
  6642 | D:6      | Noticed Menkaure
  6644 | D:6      | Noticed Prince Ribbit
  6649 | D:6      | Killed Menkaure
  6651 | D:6      | Found a sand-covered staircase.
  6656 | D:6      | Killed Prince Ribbit
  6738 | Ossuary  | Entered an ossuary
  7159 | D:6      | Reached skill level 6 in Invocations
  7165 | D:6      | Reached **** piety under Lugonu
  8045 | D:6      | Noticed Dowan
  8046 | D:6      | Noticed Duvessa
  8057 | D:6      | Killed Duvessa
  8057 | D:6      | Gained mutation: You are mostly covered in thin metallic scales. (AC +3) [demonic ancestry]
  8057 | D:6      | Reached XP level 9. HP: 63/69 MP: 13/13
  8086 | D:6      | Killed Dowan
  8406 | D:7      | Gained mutation: Armour fits poorly on your strangely shaped body. [potion of mutation]
  8406 | D:7      | Gained mutation: You are covered in fur. (AC +1) [potion of mutation]
  8406 | D:7      | Gained mutation: You are weak. (Str -2) [potion of mutation]
  9753 | D:7      | Found a shimmering altar of Xom.
 10375 | D:8      | Noticed Maurice
 10381 | D:8      | Found a staircase to the Lair.
 10455 | D:8      | Killed Maurice
 10455 | D:8      | Reached skill level 7 in Invocations
 10817 | D:8      | Found Kisuat's Demolitions Depot.
 10899 | D:8      | Found a stormy altar of Qazlal.
 11848 | D:9      | Gained mutation: You are completely covered in thin metallic scales. (AC +4, rElec) [demonic ancestry]
 11848 | D:9      | Reached XP level 10. HP: 42/77 MP: 15/15
 12044 | D:9      | Noticed kotomi's ghost (novice DsBe)
 12066 | D:9      | Gained mutation: You passively map a small area around you. [potion of beneficial mutation]
 12067 | D:9      | Lost mutation: You are covered in fur. (AC +1) [potion of cure mutation]
 12067 | D:9      | Lost mutation: You are weak. (Str -2) [potion of cure mutation]
 12067 | D:9      | Lost mutation: Armour fits poorly on your strangely shaped body. [potion of cure mutation]
 12067 | D:9      | Lost mutation: You passively map a small area around you. [potion of cure mutation]
 12086 | D:9      | Killed kotomi's ghost
 12086 | D:9      | Reached ***** piety under Lugonu
 12427 | D:9      | Found a sparkling altar of Nemelex Xobeh.
 12536 | D:9      | Found a white marble altar of Elyvilon.
 12861 | D:9      | Found a basalt altar of Yredelemnul.
 13057 | D:9      | Reached skill level 8 in Invocations
 13139 | D:9      | Gained mutation: You expend magic power (3 MP) to strengthen your wands. [potion of mutation]
 13139 | D:9      | Gained mutation: You are frail. (-10% HP) [potion of mutation]
 13139 | D:9      | Gained mutation: You have hooves in place of feet. [potion of mutation]
 13140 | D:9      | Gained mutation: You are agile. (Dex +2) [potion of mutation]
 13140 | D:9      | Gained mutation: You tend to lose your temper in combat. [potion of mutation]
 13176 | D:9      | Reached skill level 1 in Shields
 13337 | D:10     | Entered Level 10 of the Dungeon
 13380 | D:10     | Noticed Fannar
 13404 | D:10     | Killed Fannar
 13727 | D:10     | Gained mutation: You are very frail. (-20% HP) [mutagenic meat]
 13729 | D:10     | Gained mutation: Scrolls take you a little longer to read. [mutagenic meat]
 13960 | D:10     | Reached XP level 11. HP: 67/67 MP: 17/17
 14002 | D:10     | Found a staircase to the Orcish Mines.
 14206 | D:10     | Reached skill level 9 in Invocations
 14549 | Lair:1   | Entered Level 1 of the Lair of Beasts
 15387 | Lair:1   | Reached skill level 10 in Axes
 15680 | Lair:1   | Got a translucent hand axe
 15683 | Lair:1   | Identified the +9 hand axe of Vayrujic {chop, rF+ MR+ Str+6 Int-5} (You found it on level 1 of the Lair of Beasts)
 16125 | Lair:2   | Found a staircase to the Snake Pit.
 16130 | Lair:2   | Noticed an eight-headed hydra
 16137 | Lair:2   | Noticed Sonja
 16529 | Lair:1   | Reached skill level 10 in Invocations
 16607 | Lair:2   | Banished an eight-headed hydra
 16795 | Lair:2   | Noticed a six-headed hydra
 16803 | Lair:2   | Banished a six-headed hydra
 17010 | Lair:2   | Noticed an oklob plant
 17129 | Lair:2   | Killed an oklob plant
 17362 | Lair:2   | Noticed a six-headed hydra
 17364 | Lair:2   | Banished a six-headed hydra
 17364 | Lair:2   | Reached skill level 10 in Armour
 17364 | Lair:2   | Reached skill level 11 in Invocations
 17364 | Lair:2   | Reached XP level 12. HP: 73/73 MP: 15/20
 17415 | Lair:2   | Cast into level 1 of the Abyss (Sonja)
 17474 | Abyss:1  | Noticed a ghost crab
 17474 | Abyss:1  | a merfolk changed into a ghost crab
 17489 | Lair:2   | Escaped the Abyss
 17733 | Lair:2   | Cast into level 2 of the Abyss (Sonja)
 17834 | Lair:2   | Escaped the Abyss
 17836 | Lair:2   | Banished Sonja
 19436 | Lair:4   | Reached skill level 5 in Shields
 19465 | Lair:4   | Noticed a four-headed hydra
 19476 | Lair:4   | Banished a four-headed hydra
 19536 | Lair:4   | Reached skill level 12 in Invocations
 19571 | Lair:4   | Lost mutation: You tend to lose your temper in combat. [potion of cure mutation]
 19571 | Lair:4   | Lost mutation: Scrolls take you a little longer to read. [potion of cure mutation]
 19571 | Lair:4   | Lost mutation: You are very frail. (-20% HP) [potion of cure mutation]
 19572 | Lair:4   | Lost mutation: You have hooves in place of feet. [potion of cure mutation]
 19572 | Lair:4   | Lost mutation: You are frail. (-10% HP) [potion of cure mutation]
 19572 | Lair:4   | Lost mutation: You expend magic power (3 MP) to strengthen your wands. [potion of cure mutation]
 19648 | Lair:4   | Noticed Harold
 19671 | Lair:4   | Killed Harold
 19715 | Lair:4   | Found a frozen archway.
 19739 | IceCv    | Entered an ice cave
 21121 | IceCv    | Reached XP level 13. HP: 70/99 MP: 22/22
 21728 | Lair:4   | Found a staircase to the Swamp.
 22533 | Lair:5   | Got a dazzling chain mail
 22547 | Lair:5   | Identified the cursed +1 chain mail of the Jolly Eyes {rN++ Regen+ Dex+3 Stlth-} (You found it on level 5 of the Lair of Beasts)
 23209 | Lair:6   | Entered Level 6 of the Lair of Beasts
 23220 | Lair:6   | Found a staircase to the Slime Pits.
 23273 | Lair:6   | Reached skill level 13 in Invocations
 23714 | Lair:6   | Identified a scroll of acquirement
 24366 | Lair:6   | Found a runed door.
 24504 | Lair:6   | Paralysed by a hornet for 1 turns
 24507 | Lair:6   | Paralysed by a hornet for 1 turns
 24725 | Lair:6   | Got a dazzling mace
 24726 | Lair:6   | Identified the cursed +0 mace "Rubuc" {flame, +Fly Str+2} (You found it on level 6 of the Lair of Beasts)
 25000 | Lair:6   | Reached XP level 14. HP: 90/108 MP: 21/24
 25091 | Lair:6   | Got an ancient war axe
 25093 | Lair:6   | Identified the +4 war axe of Uskayaw's Outrage {pain, rElec} (You found it on level 6 of the Lair of Beasts)
 25210 | Lair:6   | Reached ****** piety under Lugonu
 25566 | Orc:1    | Entered Level 1 of the Orcish Mines
 25575 | Orc:1    | Noticed Nergalle
 25579 | Orc:1    | Reached skill level 14 in Invocations
 25603 | Orc:1    | Killed Nergalle
 25708 | Orc:2    | Entered Level 2 of the Orcish Mines
 26136 | Orc:2    | Found Nuzxiz's Assorted Antiques.
 26136 | Orc:2    | Found Saeto's Assorted Antiques.
 26136 | Orc:2    | Found Cesseu Kiama's Magic Scroll Emporium.
 26139 | Orc:2    | Found Issebbu's Armour Shoppe.
 26529 | Orc:2    | Bought a scroll labeled ARCHEY RAAWOLL for 29 gold pieces
 26529 | Orc:2    | Bought a scroll labeled XEQEIM KEL IMA for 29 gold pieces
 26529 | Orc:2    | Bought a scroll labeled ARCHEY RAAWOLL for 29 gold pieces
 26534 | Orc:2    | Bought a scroll of enchant armour for 105 gold pieces
 26836 | Orc:1    | Noticed Snorg
 26837 | Orc:1    | Noticed Tyryt0's ghost (journeyman OpFi)
 26895 | Orc:2    | Killed Snorg
 26963 | Orc:2    | Found a staircase to the Elven Halls.
 27582 | Orc:1    | Killed Tyryt0's ghost
 27785 | Elf:1    | Entered Level 1 of the Elven Halls
 27833 | Elf:1    | Cast into level 4 of the Abyss (hand axe of distortion)
 27847 | Abyss:4  | Got a slimy lapis lazuli ring
 27858 | Elf:1    | Escaped the Abyss
 27931 | Elf:1    | Noticed Louise
 27963 | Elf:1    | Killed Louise
 27963 | Elf:1    | Reached skill level 10 in Fighting
 28042 | Elf:1    | Found a ruined gateway.
 28062 | Desolati | Entered the Desolation of Salt
 28167 | Desolati | HP: 1/110 [peacekeeper (17)]
 28167 | Desolati | Mangled by a saltling

Skill      XL: |  1  2  3  4  5  6  7  8  9 10 11 12 13 14 |
---------------+-------------------------------------------+-----
Fighting       | 4 5 6 7 8 9 10 | 10.0
Axes           | 2 3 4 6 7 9 10 11 12 | 12.5
Armour         | 2 3 5 6 8 10 11 12 | 12.4
Invocations    | 3 4 6 7 8 11 12 13 14 | 14.6
Dodging        | 1 2 3 |  3.7
Shields        | 2 4 6 7 8 |  8.9
Evocations     | |  0.8

Action                   |  1- 3 |  4- 6 |  7- 9 | 10-12 | 13-15 || total
-------------------------+-------+-------+-------+-------+-------++-------
Melee: Hand axe          |    21 |   375 |   504 |   454 |   867 ||  2221
       Kick              |       |    84 |   176 |   295 |    63 ||   618
       Battleaxe         |       |       |   100 |    48 |       ||   148
       War axe           |       |       |    69 |   290 |       ||   359
Throw: Tomahawk          |       |       |       |       |     7 ||     7
Invok: Depart the Abyss  |       |     1 |       |     2 |     1 ||     4
       Bend Space        |       |     1 |       |       |       ||     1
       Banish            |       |       |     1 |    11 |     7 ||    19
 Abil: Evoke Berserk Rag |       |       |       |     3 |     1 ||     4
  Use: Scroll            |       |    14 |     7 |     8 |    16 ||    45
       Potion            |       |     4 |     7 |    16 |     3 ||    30
 Stab: Distracted        |       |       |       |    11 |     6 ||    17
       Petrified         |       |       |       |       |     6 ||     6
  Eat: Chunk             |       |    10 |    22 |    23 |    21 ||    76
       Bread ration      |       |     1 |       |     4 |     1 ||     6
Armor: Leather armour    |       |    22 |       |       |       ||    22
       Chain mail        |       |   237 |   429 |       |   354 ||  1020
       Plate armour      |       |       |   137 |   449 |    44 ||   630
       Skin              |       |       |       |    24 |       ||    24
Dodge: Dodged            |       |   160 |   276 |    69 |   127 ||   632
Block: Large shield      |       |       |       |   510 |   742 ||  1252
